 Dungeon Crawl Stone Soup version 0.28-a0-925-gd5e1996cdb (webtiles) character file.

Game seed: 4496682821729920503

8359 VineThatTabs the Basher (level 11, 0/58 HPs)
             Began as a Vine Stalker Berserker on Nov 26, 2021.
             Was an Elder of Trog.
             Killed by divine providence
             ... invoked by an orc priest
              (15 damage)
             ... on level 10 of the Dungeon.
             The game lasted 00:25:17 (11824 turns).

VineThatTabs the Basher (Vine Stalker Berserker)   Turns: 11824, Time: 00:25:18

Health: 0/58       AC: 15    Str: 20    XL:     11   Next: 29%
Magic:  0/12       EV: 11    Int:  7    God:    Trog [****..]
Gold:   709        SH: 10    Dex: 17    Spells: 10/10 levels left

rFire   + + .      SeeInvis .   J - +1 flail (protect)
rCold   . . .      Faith    .   a - +0 kite shield
rNeg    . . .      Spirit   +   i - +0 chain mail {rF+}
rPois   .          Reflect  .   (no helmet)
rElec   .          Harm     .   f - +2 cloak
rCorr   .          Rampage  .   o - +0 pair of gloves
Will    +....                   K - +0 pair of boots
Stlth   ..........              (no amulet)
HPRegen 0.99/turn               e - +4 ring of evasion
MPRegen 0.13/turn               r - ring of protection from fire

@: studying Long Blades
A: fangs 3, regeneration 1, magic shield, antimagic bite, no potion heal 2
a: Renounce Religion, Berserk, Trog's Hand, Brothers in Arms


You were on level 10 of the Dungeon.
You worshipped Trog.
Trog was greatly pleased with you.
You visited 1 branch of the dungeon, and saw 10 of its levels.

You collected 786 gold pieces.
You spent 77 gold pieces at shops.

Inventory:

Hand Weapons
 J - a +1 flail of protection (weapon)
 L - a +2 eveningstar
Armour
 a - a +0 kite shield (worn)
 f - a +2 cloak (worn)
 i - a +0 chain mail of fire resistance (worn)
 o - a +0 pair of gloves (worn)
 K - a +0 pair of boots (worn)
Jewellery
 e - a +4 ring of evasion (left hand)
 r - a ring of protection from fire (right hand)
 w - the ring "Latese" {Drain rPois Str+5}
   (You found it on level 5 of the Dungeon)

   [ring of poison resistance]

   Str:       It affects your strength (+5).
   rPois:     It protects you from poison.
   Drain:     It drains your maximum health when unequipped.
 B - a ring of willpower
 I - a ring of ice
Wands
 g - a wand of flame (71)
 p - a wand of mindburst (16)
 t - a wand of iceblast (8)
Scrolls
 b - 5 scrolls of teleportation
 c - 3 scrolls of torment {unknown}
 d - 2 scrolls of fear
 j - a scroll of noise {unknown}
 k - a scroll of immolation {unknown}
 n - a scroll of magic mapping {unknown}
 q - 4 scrolls of identify
 u - 3 scrolls of acquirement {unknown}
 y - 3 scrolls of amnesia {unknown}
 C - 2 scrolls of vulnerability {unknown}
 D - 3 scrolls of enchant armour {unknown}
 H - a scroll of summoning {unknown}
 M - a scroll of holy word {unknown}
Potions
 h - 3 potions of haste {unknown}
 l - 5 potions of curing {unknown}
 m - 2 potions of lignification {unknown}
 s - 3 potions of cancellation {unknown}
 v - 2 potions of brilliance {unknown}
 x - a potion of magic {unknown}
 z - a potion of attraction {unknown}
 A - 5 potions of flight {unknown}
 E - a potion of degeneration {unknown}
 F - a potion of might
 G - 2 potions of berserk rage {unknown}


   Skills:
 + Level 7.2 Fighting
 * Level 12.4 Maces & Flails
 - Level 4.4 Armour
 - Level 4.0 Dodging
 * Level 4.3 Shields


You had 10 spell levels left.
You didn't know any spells.
Your spell library was empty.

Dungeon Overview and Level Annotations

Branches:
Dungeon (10/15)            Temple (0/1) D:6
   Lair: D:8-11         Orc: D:9-12

Altars:
Cheibriados
Elyvilon
Fedhas
Kikubaaqudgha
Nemelex Xobeh
Okawaru
Qazlal
Ru
Uskayaw
Wu Jian
Zin
The Shining One
Beogh

Shops:
D:3 [   D:6 ?

Annotations:
D:4 exclusion: black bear
D:7 1 transporter
D:8 exclusion: orange crystal statue
D:10 Erica, Joseph


Innate Abilities, Weirdness & Mutations

You have razor-sharp teeth.
Your natural rate of healing is unusually fast.
When hurt, damage is shared between your health and your magic reserves.
Your bite disrupts and absorbs the magic of your enemies.
Potions cannot restore your health.


Message History

The orc warrior hits you with a +0 flail!
You barely miss something. Your bite misses something.
You block the orc warrior's attack.
Unknown command.
You hit something. Your bite misses something.
The orc warrior hits you with a +0 flail.
Something hits you but does no damage.
Unknown command.
You hit something. You bite something.
The orc warrior hits you with a +0 flail!
Something hits you.
The orc priest invokes the aid of Beogh against you.
Something writhes in agony!
You hit something but do no damage. Your bite misses something.
You block the orc warrior's attack.
You hear some strange, mumbled words.
A lance of force appears from out of thin air!
The lance of force hits you!!
You are knocked back by the lance of force.
You slam into the rock wall!
* * * LOW HITPOINT WARNING * * *
Joseph, a Mercenary comes into view.
He is wielding a +1 quarterstaff of draining, wearing a +3 leather armour of fire resistance and carrying a wand of mindburst (11).
You fail to use your ability.
Joseph shouts!
Joseph unwields a +1 quarterstaff of draining.
Joseph wields a +0 hunting sling.
Joseph shoots a sling bullet.
You block the sling bullet.
You fail to use your ability.
Joseph shoots a sling bullet.
The sling bullet hits you.
* * * LOW HITPOINT WARNING * * *
Okay, then.
As you read the scroll of fear, it crumbles to dust.
You assume a fearsome visage.
The orc looks frightened! x2
The orc warrior looks frightened!
Joseph looks frightened!
Joseph almost stumbles in trying to escape.
Cornered, the orc turns to fight!
Cornered, the orc turns to fight!
The orc priest invokes the aid of Beogh against you.
Beogh smites you!
You die...

####)......### .
#...o#####.(.#
#o#### ##### ###.#
#### #o..#
##..######## ##)###
##...........
#ooo###
#.....<...≈..
###)..##
#.........^^≈
###@.###.......≈≈##^
##...#.....>..#^#.
####<#..)....^≈.≈.
#.................
#.....)........≈^^
#...............#≈
#..............##^
#............(##..
####.#....#.#.^≈≈.


You could see an orc warrior (fleeing), an orc priest and 2 orcs.

Vanquished Creatures
  A two-headed ogre (D:10)
  Urug (D:10)
  Nergalle (D:10)
  A manticore (D:8)
  A cyclops (D:10)
  A kobold demonologist (D:10)
  A troll (D:9)
  A hornet (D:8)
  Sigmund (D:6)
  A shadow (D:10)
  Grum (D:10)
  A steam dragon (D:8)
  4 vampire mosquitoes (D:9)
  Eustachio (D:6)
  An acid dragon (D:9)
  2 water moccasins (D:7)
  An ice beast (D:5)
  3 black bears
  6 orc warriors
  A wolf (D:9)
  A necrophage (D:8)
  An ogre (D:5)
  5 centaurs
  A phantom (D:4)
  2 bullfrogs
  A wyvern zombie (D:8)
  2 scorpions
  2 water moccasin zombies (D:6)
  2 killer bees
  11 wights
  A centaur zombie (D:7)
  A bullfrog zombie (D:6)
  9 orc priests
  5 hounds
  2 bullfrog skeletons
  5 jellies
  A centaur skeleton (D:6)
  An iguana (D:5)
  Terence (D:2)
  5 orc wizards
  A hound skeleton (D:4)
  A hound zombie (D:5)
  5 adders
  A shadow imp (D:5)
  An ufetubus (D:5)
  An adder zombie (D:4)
  An adder skeleton (D:4)
  A worm (D:2)
  2 dart slugs (D:1)
  60 orcs
  6 endoplasms
  3 giant cockroaches
  3 goblins
  6 hobgoblins
  9 jackals
  3 quokkas
  8 ball pythons
  3 bats
  4 frilled lizards
  7 kobolds
  9 rats
225 creatures vanquished.

Vanquished Creatures (others)
  3 plants
  4 withered plants (D:1)
7 creatures vanquished.

Grand Total: 232 creatures vanquished

Notes
Turn   | Place    | Note
-------+----------+-------------------------------------------
     0 | D:1      | VineThatTabs the Vine Stalker Berserker began the quest for
                  | the Orb.
     0 | D:1      | Reached XP level 1. HP: 11/11 MP: 2/2
   383 | D:1      | Reached skill level 3 in Maces & Flails
   383 | D:1      | Reached XP level 2. HP: 16/16 MP: 3/3
   496 | D:1      | Found a faded altar of an unknown god.
   799 | D:1      | Reached XP level 3. HP: 20/20 MP: 4/4
  1408 | D:2      | Noticed Terence
  1568 | D:2      | Killed Terence
  1593 | D:1      | Gained mutation: Your natural rate of healing is unusually
                  | fast. [Vine Stalker growth]
  1593 | D:1      | Reached XP level 4. HP: 13/24 MP: 5/5
  1961 | D:2      | Reached ** piety under Trog
  1991 | D:2      | Reached skill level 4 in Maces & Flails
  2430 | D:3      | Found a faded altar of an unknown god.
  2650 | D:3      | Found a glowing golden altar of the Shining One.
  2662 | D:3      | Reached XP level 5. HP: 20/28 MP: 1/6
  2730 | D:3      | Reached skill level 5 in Maces & Flails
  2883 | D:3      | Found an ancient bone altar of Kikubaaqudgha.
  3008 | D:3      | Found Borchaoc's Armour Shoppe.
  3158 | D:4      | Found an ornate altar of the Wu Jian Council.
  3169 | D:4      | Reached XP level 6. HP: 12/32 MP: 2/7
  3305 | D:4      | Noticed a black bear
  3313 | D:4      | Killed a black bear
  3818 | D:4      | Reached skill level 6 in Maces & Flails
  3886 | D:4      | Reached XP level 7. HP: 31/36 MP: 8/8
  4193 | D:5      | Entered Level 5 of the Dungeon
  4320 | D:5      | Reached *** piety under Trog
  4361 | D:5      | Identified the ring "Latese" {Drain rPois Str+5}
  4436 | D:5      | Reached skill level 7 in Maces & Flails
  4666 | D:5      | Gained mutation: You have razor-sharp teeth. [Vine Stalker
                  | growth]
  4666 | D:5      | Reached XP level 8. HP: 42/42 MP: 9/9
  5007 | D:5      | Found a sparkling altar of Nemelex Xobeh.
  5379 | D:6      | Found Leawk's Magic Scroll Shop.
  5393 | D:6      | Reached skill level 8 in Maces & Flails
  5423 | D:6      | Bought a scroll of fear for 49 gold pieces
  5423 | D:6      | Bought a scroll of identify for 28 gold pieces
  5566 | D:6      | Found a staircase to the Ecumenical Temple.
  5618 | D:6      | Noticed Eustachio
  5628 | D:6      | Killed Eustachio
  5630 | D:6      | Noticed Sigmund
  5640 | D:6      | Killed Sigmund
  5641 | D:6      | Reached skill level 9 in Maces & Flails
  5683 | D:6      | Noticed an angel
  5789 | D:6      | Noticed a rust devil
  5866 | D:6      | Reached XP level 9. HP: 46/46 MP: 10/10
  6495 | D:7      | Reached skill level 10 in Maces & Flails
  6566 | D:7      | Reached skill level 5 in Fighting
  6725 | D:7      | Found a transporter.
  6876 | D:7      | Found a blossoming altar of Fedhas.
  6885 | D:7      | Found a hide-covered altar of Uskayaw.
  7080 | D:8      | Noticed a hornet
  7086 | D:8      | Killed a hornet
  7162 | D:8      | Noticed a manticore
  7169 | D:8      | Killed a manticore
  7170 | D:8      | Reached XP level 10. HP: 53/53 MP: 8/11
  7172 | D:8      | Reached **** piety under Trog
  7214 | D:8      | Reached skill level 11 in Maces & Flails
  7382 | D:8      | Found a white marble altar of Elyvilon.
  7431 | D:8      | Noticed an orange crystal statue
  9068 | D:10     | Entered Level 10 of the Dungeon
  9068 | D:10     | Noticed a cyclops
  9068 | D:10     | Found a sacrificial altar of Ru.
  9068 | D:10     | Found an iron altar of Okawaru.
  9211 | D:10     | Found a stormy altar of Qazlal.
  9214 | D:10     | Noticed Grum
  9236 | D:9      | Reached skill level 1 in Shields
  9740 | D:10     | Noticed a two-headed ogre
  9749 | D:10     | Killed a two-headed ogre
  9750 | D:10     | Found a snail-covered altar of Cheibriados.
  9753 | D:10     | Killed Grum
  9753 | D:10     | Noticed Nergalle
 10538 | D:10     | Killed Nergalle
 10539 | D:10     | Reached skill level 12 in Maces & Flails
 10539 | D:10     | Reached XP level 11. HP: 58/58 MP: 12/12
 10539 | D:10     | Noticed Urug
 10843 | D:10     | Killed Urug
 11454 | D:10     | Killed a cyclops
 11625 | D:10     | Found a glowing silver altar of Zin.
 11789 | D:10     | Noticed Erica
 11819 | D:10     | Noticed Joseph
 11824 | D:10     | Killed from afar by an orc priest

Illustrated notes

Levels and vault maps discovered:
D:1:      dpeg_arrival_rhombus, layout_loops_corners,
          shapermc_ecumenical_altar_flowoftime
D:2:      layout_rooms, kennysheep_generic_room_5, uniq_terence
D:3:      layout_basic, lemuel_tele_altar, lemuel_crystal_altar,
          nicolae_overflow_ecumenical_swirl, serial_shops, nicolae_shop_stone,
          chequers_serial_rivers_micro_d
D:4:      layout_rooms, mainiacjoe_overflow_tiny_flanked, hangedman_glass_teeth,
          minmay_fractal_squares_5
D:5:      layout_loops_corners, kennysheep_mini, serial_co_window_serial,
          co_window_of_opportunity_a, co_window_paths_a, co_window_paths_a,
          co_window_cross_1, co_window_paths_b, co_window_cross_3,
          co_window_2corner, co_window_corner_cb, co_window_4corner_b,
          glass_columns_a, glass_columns_b, minmay_fractal_squares_diagonal_5
D:6:      layout_gridville, temple_garden, serial_shops, nicolae_shop_trees,
          uniq_eustachio, uniq_sigmund
D:7:      layout_cave_pools, minitemple, gammafunk_ghost_smash,
          kennysheep_small_square
D:8:      minmay_statue_hallways, layout_basic, mainiacjoe_overflow_catwalk,
          minmay_manual_moon
D:9:      layout_roguey [special_room_orc]
D:10:     layout_rooms, lemuel_crystal_altar, grunt_qazlal_sundering,
          lemuel_coloured_pillars_altar,
          chequers_temple_overflow_statue_of_worship, david_orc_5,
          minmay_misc_feat_columns, uniq_urug, uniq_nergalle, uniq_joseph,
          uniq_erica, uniq_grum

Skill      XL: |  1  2  3  4  5  6  7  8  9 10 11 |
---------------+----------------------------------+-----
Maces & Flails | 3 4 5 6 7 9 10 12 | 12.4
Fighting       | 3 4 5 6 7 |  7.2
Armour         | 2 3 4 |  4.4
Dodging        | 3 4 |  4.0
Shields        | 3 4 |  4.3

Action                   |  1- 3 |  4- 6 |  7- 9 | 10-12 || total
-------------------------+-------+-------+-------+-------++-------
Melee: Mace              |    81 |   133 |   247 |    64 ||   525
       Bite              |    29 |    42 |    85 |    80 ||   236
       Flail             |       |       |       |   203 ||   203
Invok: Berserk           |     1 |     3 |     7 |    11 ||    22
  Use: Potion            |       |     2 |       |       ||     2
       Scroll            |       |       |     1 |     1 ||     2
 Stab: Sleeping          |     3 |       |       |       ||     3
Armor: Animal skin       |     6 |       |       |       ||     6
       Chain mail        |     2 |    72 |   107 |   128 ||   309
Dodge: Dodged            |    28 |    89 |   111 |   122 ||   350
Block: Kite shield       |       |       |    13 |   138 ||   151

Table legend: (Time is in decaauts)
 A = Elapsed time spent in this place.
 B = Non-inter-level travel time spent in this place.
 C = Inter-level travel time spent in this place.
 D = Time resting spent in this place.
 E = Time spent auto-exploring this place.
 F = Levels seen in this place.
 G = Mean time per level.
                   A        B        C        D        E       F      G
               +--------+--------+--------+--------+--------+-----+--------+
         Total |  12095 |  11914 |    181 |   4102 |   5613 |  10 | 1209.5 |
       Dungeon |  12095 |  11914 |    181 |   4102 |   5613 |  10 | 1209.5 |
               +--------+--------+--------+--------+--------+-----+--------+

Top non-repeatable levels by time:
     D:9: 2947 daAuts
     D:1: 1875 daAuts
     D:8: 1448 daAuts
     D:5: 1189 daAuts
     D:4: 1131 daAuts
     D:7: 972 daAuts
     D:3: 670 daAuts
     D:6: 663 daAuts
    D:10: 607 daAuts
     D:2: 590 daAuts
